[Event "Titled Tuesday Blitz May 10 Early 2022"]
[White "Perdomo, Carlos Andres"]
[Black "Navalgund, Niranjan"]
[WhiteFideId "4400852"]
[BlackFideId "5030854"]
[WhiteElo "2268"]
[BlackElo "2290"]
[Result "0-1"]
[Round "05"]
[TimeControl "180+1"]
[Date "2022.05.11"]
[WhiteClock "0:00:12"]
[BlackClock "0:00:48"]

1. c4 Nf6 2. Nc3 e5 3. Nf3 Nc6 4. e3 Bb4 5. Nd5 Nxd5 6. cxd5 Ne7 7. Nxe5 Nxd5 8. Qb3 c6 9. Bc4 Qe7 10. Bxd5 cxd5 11. Qxd5 O-O 12. O-O Qd6 13. Qxd6 Bxd6 14. Nc4 Bc7 15. d4 b5 16. Nd2 Ba6 17. Nb3 b4 18. Re1 Bb6 19. Bd2 Rfc8 20. Rec1 Bc4 21. Nc5 d5 22. Bxb4 a5 23. Ba3 Bxc5 24. dxc5 a4 25. Rxc4 dxc4 26. Rc1 Rd8 27. Kf1 Rd2 28. Rxc4 f6 29. c6 Rc8 30. Ke1 Rd5 31. Bb4 Rb5 32. a3 Kf7 33. Kd2 Ke6 34. Kc2 Rb6 35. c7 Kd7 36. Ba5 Rc6 37. Rxc6 Kxc6 38. b4 axb3+ 39. Kxb3 Kb5 40. Bc3 Rxc7 41. Kc2 Kc4 42. Bb4 Rd7 43. g3 Rd3 44. h4 f5 45. Bf8 g6 46. Bb4 Rb3 47. Kd2 Rb2+ 48. Ke1 Kd3 49. Bc5 Rb1# 0-1


[Site "https://www.chess.com"]

[Event "Titled Tuesday Blitz May 10 Early 2022"]
[White "Petre, Nad-Titus"]
[Black "Kazarian, Anna-Maja"]
[WhiteFideId "1204165"]
[BlackFideId "1033689"]
[WhiteElo "2354"]
[BlackElo "2004"]
[Result "1-0"]
[Round "05"]
[TimeControl "180+1"]
[Date "2022.05.11"]
[WhiteClock "0:00:21"]
[BlackClock "0:00:03"]

1. e4 e6 2. d4 d5 3. Bd3 Nf6 4. e5 Nfd7 5. Ne2 c5 6. c3 Nc6 7. a3 Be7 8. O-O O-O 9. b4 cxd4 10. cxd4 f6 11. b5 Na5 12. Nf4 Nb6 13. Ng6 Rf7 14. Qh5 f5 15. Nxe7+ Qxe7 16. Bg5 Qe8 17. Nd2 Bd7 18. Nf3 Bxb5 19. Bxb5 Qxb5 20. Bd2 Nb3 21. Ng5 g6 22. Qh3 Re7 23. Rab1 Qe2 24. Bb4 Nd2 25. Bxe7 1-0


[Site "https://www.chess.com"]

[Event "Titled Tuesday Blitz May 10 Early 2022"]
[White "Petrov, Martin"]
[Black "Lashkin, Jegor"]
[WhiteFideId "2911086"]
[BlackFideId "13907808"]
[WhiteElo "2343"]
[BlackElo "2368"]
[Result "0-1"]
[Round "05"]
[TimeControl "180+1"]
[Date "2022.05.10"]
[WhiteClock "0:00:03"]
[BlackClock "0:00:07"]

1. c4 e5 2. d3 Nf6 3. Nf3 Nc6 4. a3 d5 5. cxd5 Nxd5 6. e4 Nf6 7. Be2 a5 8. O-O Bc5 9. Be3 Bb6 10. Nc3 O-O 11. Na4 Ba7 12. Rc1 Qe7 13. Nc5 Rd8 14. h3 Bb6 15. Qc2 h6 16. Rfd1 Be6 17. Nxb7 Rdb8 18. Bxb6 cxb6 19. Qxc6 Rxb7 20. Nxe5 Rc8 21. Qb5 Rc5 22. Rxc5 bxc5 23. Qxa5 Rxb2 24. Rd2 Rb1+ 25. Rd1 Rb2 26. Bf1 Qd6 27. Qc3 Rb3 28. Qa1 Qb6 29. a4 Qa5 30. Rb1 Rxb1 31. Qxb1 Qxa4 32. Qb8+ Kh7 33. Qc7 Qd4 34. Nxf7 c4 35. Nd8 Bg8 36. Nc6 Qc5 37. d4 Qg5 38. f4 Qg3 39. Qe5 Qe3+ 40. Kh2 Qxe4 41. Qxe4+ Nxe4 42. Ne5 Nd6 43. Be2 Bd5 44. Kg1 c3 45. Bd3+ Be4 46. Bxe4+ Nxe4 47. Nd3 Kg6 48. Kf1 Kf5 49. Ke2 Ke6 50. Ke3 Ng3 51. Nb4 Nf5+ 52. Kd3 Nh4 53. Kxc3 Nxg2 54. d5+ Kd6 55. Kd4 Nxf4 56. h4 Ng6 57. h5 Nf4 58. Nc2 Nxd5 59. Ne1 Nf6 60. Nf3 Nxh5 61. Ke4 Ke6 62. Nd4+ Kf6 63. Nf3 g6 64. Nh2 Ng3+ 65. Kf3 Nf5 66. Kf4 h5 67. Nf3 Ng7 68. Kg3 Ne6 69. Nh4 Ng5 70. Ng2 Ne4+ 71. Kf4 Nd6 72. Ne3 g5+ 73. Kg3 Nf5+ 74. Nxf5 Kxf5 0-1


[Site "https://www.chess.com"]

[Event "Titled Tuesday Blitz May 10 Early 2022"]
[White "Pinheiro, Iung Alicio de O."]
[Black "Hoffmann, Asa"]
[WhiteFideId "2104350"]
[BlackFideId "2001470"]
[WhiteElo "2283"]
[BlackElo "2117"]
[Result "1/2-1/2"]
[Round "05"]
[TimeControl "180+1"]
[Date "2022.05.11"]
[WhiteClock "0:00:16"]
[BlackClock "0:00:10"]

1. c4 Nf6 2. g3 c6 3. Qa4 d6 4. Bg2 e5 5. Nf3 Be7 6. O-O O-O 7. Nc3 Nbd7 8. d4 e4 9. Ng5 d5 10. cxd5 Nb6 11. Qb3 cxd5 12. f3 h6 13. Nh3 Re8 14. Nf2 Bf5 15. fxe4 dxe4 16. e3 Bf8 17. a4 Rc8 18. a5 Be6 19. Qd1 Nbd5 20. Ncxe4 Bb4 21. Nxf6+ Nxf6 22. a6 b6 23. e4 Bc4 24. Be3 Bxf1 25. Qxf1 Qd7 26. Qd3 Bf8 27. Bh3 Qe7 28. Bxc8 Rxc8 29. Re1 Qb4 30. Re2 b5 31. d5 Bc5 32. Bxc5 Qxc5 33. Kg2 Re8 34. b4 Qxb4 35. e5 Nd7 36. e6 fxe6 37. dxe6 Nf6 38. Ne4 Nxe4 39. Rxe4 Qb2+ 40. Kh3 Qf6 41. Qxb5 Rxe6 42. Qb8+ Kh7 43. Rf4 Qg6 44. Qxa7 Rxa6 45. Qe3 Rf6 46. Rh4 Qf5+ 47. g4 Qf3+ 48. Qxf3 Rxf3+ 49. Kg2 Rb3 50. Rh3 Rxh3 51. Kxh3 Kg6 52. Kg3 Kf6 53. Kf4 g6 54. Ke4 h5 55. gxh5 gxh5 56. Kf4 Kg6 57. h4 Kh6 58. Ke4 Kg6 59. Ke5 Kh6 60. Kf5 Kh7 61. Kg5 Kg7 62. Kxh5 Kh7 63. Kg5 Kg7 64. h5 Kh7 65. h6 Kh8 66. Kg6 Kg8 67. h7+ Kh8 68. Kh6 1/2-1/2


[Site "https://www.chess.com"]

[Event "Titled Tuesday Blitz May 10 Early 2022"]
[White "Polster, Christian"]
[Black "D`Arruda, Ricardo D."]
[WhiteFideId "12965081"]
[BlackFideId "100692"]
[WhiteElo "2291"]
[BlackElo "2439"]
[Result "0-1"]
[Round "05"]
[TimeControl "180+1"]
[Date "2022.05.11"]
[WhiteClock "0:00:07"]
[BlackClock "0:00:55"]

1. e4 c5 2. Nc3 e6 3. Nge2 Nc6 4. g3 Nf6 5. Bg2 Be7 6. O-O O-O 7. d4 cxd4 8. Nxd4 d6 9. Re1 Bd7 10. Ndb5 Qb8 11. Bf4 Ne5 12. Qe2 a6 13. Nd4 Qc7 14. Rad1 Nc4 15. Bc1 Rac8 16. Kh1 b5 17. Qd3 h6 18. f4 b4 19. Nce2 Rfd8 20. h3 Be8 21. Nf3 d5 22. e5 Ne4 23. Rf1 Bb5 24. Ned4 Be8 25. Kh2 a5 26. f5 Nxe5 27. Nxe5 Qxe5 28. Bf4 Qf6 29. fxe6 fxe6 30. Bd6 Bxd6 31. Rxf6 Bxg3+ 32. Kg1 gxf6 33. Bxe4 dxe4 34. Qxg3+ Kh7 35. Kh2 e5 36. Nf5 Rxc2+ 37. Kh1 Rxd1+ 38. Qg1 Rxg1+ 39. Kxg1 Bd7 0-1


[Site "https://www.chess.com"]

[Event "Titled Tuesday Blitz May 10 Early 2022"]
[White "Pourkashiyan, Atousa"]
[Black "Lauridsen, Jesper Morch"]
[WhiteFideId "12502014"]
[BlackFideId "1401890"]
[WhiteElo "2247"]
[BlackElo "2215"]
[Result "0-1"]
[Round "05"]
[TimeControl "180+1"]
[Date "2022.05.11"]
[WhiteClock "0:02:47"]
[BlackClock "0:01:50"]

1. e4 e5 2. Nf3 Nc6 3. Bb5 Nf6 4. d3 Bc5 5. O-O d6 6. c3 O-O 7. h3 a6 8. Ba4 Ba7 9. Nbd2 Ne7 10. Re1 Ng6 11. Nf1 d5 12. exd5 Qxd5 13. Bb3 Qd6 14. Ng3 e4 15. dxe4 Qxg3 16. e5 Bxh3 0-1


[Site "https://www.chess.com"]

[Event "Titled Tuesday Blitz May 10 Early 2022"]
[White "Prieto Aranguren, Alain"]
[Black "Turutin, Alexander"]
[WhiteFideId "2268906"]
[BlackFideId "4180623"]
[WhiteElo "2235"]
[BlackElo "2402"]
[Result "1-0"]
[Round "05"]
[TimeControl "180+1"]
[Date "2022.05.11"]
[WhiteClock "0:00:33"]
[BlackClock "0:00:02"]

1. d4 Nf6 2. c4 g6 3. Nc3 Bg7 4. e4 d6 5. Be2 O-O 6. Nf3 e5 7. d5 Na6 8. O-O Nc5 9. Qc2 a5 10. Bg5 h6 11. Be3 Ng4 12. Bxc5 dxc5 13. h3 Nf6 14. Nxe5 Nxd5 15. cxd5 Bxe5 16. Rac1 g5 17. Bg4 Bxg4 18. hxg4 Qf6 19. g3 Rfe8 20. Kg2 Qg6 21. Rfe1 Re7 22. Nd1 Bd4 23. f3 b6 24. Ne3 Bxe3 25. Rxe3 Qf6 26. Rh1 Kg7 27. Qc3 Qxc3 28. bxc3 f6 29. c4 Kg6 30. Rhe1 Rae8 31. Kf2 h5 32. gxh5+ Kxh5 33. Ke2 g4 34. Rh1+ Kg6 35. Rh4 gxf3+ 36. Kxf3 Re5 37. Kf4 Kg7 38. g4 Rh8 39. Rxh8 Kxh8 40. Rh3+ Kg7 41. Rh5 Re7 42. a4 Re8 43. g5 fxg5+ 44. Rxg5+ Kf7 45. e5 Rh8 46. e6+ Ke8 47. Rg7 Kd8 48. Ke5 Rh1 49. Rd7+ Kc8 50. d6 cxd6+ 51. Kxd6 Rd1+ 52. Kc6 Re1 53. Re7 Kd8 54. Rd7+ Kc8 55. Rd6 Rb1 56. e7 1-0


[Site "https://www.chess.com"]

[Event "Titled Tuesday Blitz May 10 Early 2022"]
[White "Raahul V S"]
[Black "Stoleriu, George"]
[WhiteFideId "25035525"]
[BlackFideId "1227505"]
[WhiteElo "2185"]
[BlackElo "2194"]
[Result "0-1"]
[Round "05"]
[TimeControl "180+1"]
[Date "2022.05.11"]
[WhiteClock "0:01:18"]
[BlackClock "0:00:19"]

1. b3 e5 2. Bb2 Nc6 3. c4 g6 4. e3 Bg7 5. Nf3 d6 6. d4 Nge7 7. dxe5 dxe5 8. Nc3 O-O 9. Be2 Bf5 10. O-O Nb4 11. e4 Bg4 12. Nd5 Nbc6 13. Nxe5 Bxe2 14. Nxe7+ Qxe7 15. Nxc6 Qxe4 16. Re1 Bxd1 17. Rxe4 Bxb2 18. Ne7+ Kg7 19. Rxd1 Rad8 20. Ree1 c6 21. b4 Bf6 22. Rxd8 Rxd8 23. b5 Bxe7 0-1


[Site "https://www.chess.com"]

[Event "Titled Tuesday Blitz May 10 Early 2022"]
[White "Redzisz, Michal"]
[Black "Shohat, Yotam"]
[WhiteFideId "21816107"]
[BlackFideId "2813955"]
[WhiteElo "2004"]
[BlackElo "2119"]
[Result "1-0"]
[Round "05"]
[TimeControl "180+1"]
[Date "2022.05.11"]
[WhiteClock "0:00:06"]
[BlackClock "0:00:02"]

1. Nf3 Nf6 2. b3 g6 3. Bb2 Bg7 4. e3 O-O 5. d4 d6 6. c4 Nbd7 7. Be2 e5 8. dxe5 Ng4 9. O-O Ndxe5 10. Qc2 Bf5 11. Qc1 Re8 12. h3 Nxf3+ 13. Bxf3 Ne5 14. Be2 Qh4 15. Nd2 Re7 16. Nf3 Qh6 17. Nxe5 dxe5 18. Rd1 Rae8 19. Bf3 e4 20. Be2 Qg5 21. Bxg7 Bxh3 22. Bf1 Kxg7 23. Qc3+ Kg8 24. Rd5 Bf5 25. Rad1 c6 26. Rd8 h5 27. Qa5 b6 28. Qa4 h4 29. Qxc6 Rxd8 30. Rxd8+ Kg7 31. Qd6 h3 32. Kh2 hxg2 33. Bxg2 Bg4 34. Qd4+ f6 35. Qd6 f5 36. Qd4+ Kh6 37. Rh8+ Rh7 38. Rxh7+ Kxh7 39. Qd7+ Kh6 40. Qxa7 Qh4+ 41. Kg1 Bf3 42. Qc7 Qg4 43. Qf4+ Qxf4 44. exf4 Bd1 45. Bf1 Bc2 46. b4 Bb1 47. a4 Kg7 48. a5 bxa5 49. bxa5 e3 50. fxe3 1-0


[Site "https://www.chess.com"]

[Event "Titled Tuesday Blitz May 10 Early 2022"]
[White "Reprintsev, Alexander"]
[Black "Przybylski, Wojciech"]
[WhiteFideId "14100541"]
[BlackFideId "1117599"]
[WhiteElo "2108"]
[BlackElo "2133"]
[Result "1-0"]
[Round "05"]
[TimeControl "180+1"]
[Date "2022.05.11"]
[WhiteClock "0:00:55"]
[BlackClock "0:00:01"]

1. e4 e5 2. f4 d5 3. exd5 exf4 4. Nf3 Nf6 5. Bb5+ Bd7 6. Bxd7+ Nbxd7 7. c4 Qe7+ 8. Qe2 Qxe2+ 9. Kxe2 Bd6 10. d4 b6 11. Nc3 h6 12. Nb5 g5 13. Kd3 a6 14. Nxd6+ cxd6 15. b3 Kd8 16. Ba3 Kc7 17. Rhe1 Rae8 18. Rac1 Rxe1 19. Rxe1 Re8 20. Rxe8 Nxe8 21. Ke4 Ng7 22. h4 f5+ 23. Kd3 g4 24. Ng1 Nf6 25. Bc1 Ngh5 26. Ne2 f3 27. gxf3 gxf3 28. Nf4 Nxf4+ 29. Bxf4 Nh5 30. Bxh6 f4 31. Kd2 Kd7 32. Ke1 Ng3 33. Bxf4 Nf5 34. h5 Nxd4 35. h6 Ke7 36. h7 1-0


[Site "https://www.chess.com"]

[Event "Titled Tuesday Blitz May 10 Early 2022"]
[White "Riehle, Marco"]
[Black "Zhigalko, Sergei"]
[WhiteFideId "12904392"]
[BlackFideId "13502956"]
[WhiteElo "2462"]
[BlackElo "2662"]
[Result "0-1"]
[Round "05"]
[TimeControl "180+1"]
[Date "2022.05.10"]
[WhiteClock "0:00:17"]
[BlackClock "0:00:10"]

1. e4 c5 2. a3 e6 3. b4 d5 4. exd5 exd5 5. Nf3 Nf6 6. Bb5+ Bd7 7. Bxd7+ Nbxd7 8. O-O Be7 9. bxc5 Nxc5 10. d3 O-O 11. Re1 Rc8 12. h3 Re8 13. Bb2 Ne6 14. Nbd2 Qc7 15. c4 dxc4 16. Nxc4 Rcd8 17. Nce5 Qb6 18. Rb1 Qa6 19. Qb3 Nd5 20. Rbc1 Nc5 21. Qd1 Nf4 22. d4 Ncd3 23. Qb3 Qe6 24. d5 Qf5 25. Nd4 Nxc1 26. Bxc1 Qf6 27. Ndf3 Bd6 28. Bb2 Bxe5 29. Bxe5 Qf5 30. Qxb7 Nxh3+ 31. Kf1 Ng5 32. Nxg5 Qxg5 33. f4 Qf5 34. d6 f6 35. d7 Qxd7 36. Qb3+ Qf7 37. Qxf7+ Kxf7 38. Bc3 Rxe1+ 39. Bxe1 Rd3 40. a4 Ra3 41. a5 a6 42. g3 Ra4 43. Kg2 h5 44. Kf3 Ke6 45. g4 Ra3+ 46. Kg2 hxg4 47. f5+ Kxf5 48. Bb4 Ra4 49. Be1 g5 50. Kg3 Ra3+ 51. Kg2 Rb3 52. Bd2 Kg6 53. Be1 f5 54. Kf2 f4 55. Ke2 Kf5 56. Kd2 g3 57. Kc2 Re3 58. Kd2 Rxe1 59. Kxe1 f3 0-1


[Site "https://www.chess.com"]

[Event "Titled Tuesday Blitz May 10 Early 2022"]
[White "Rodchenkov, Sergey D."]
[Black "Clawitter, Craig"]
[WhiteFideId "4168712"]
[BlackFideId "2023105"]
[WhiteElo "2306"]
[BlackElo "2296"]
[Result "1-0"]
[Round "05"]
[TimeControl "180+1"]
[Date "2022.05.11"]
[WhiteClock "0:01:12"]
[BlackClock "0:00:02"]

1. e4 e6 2. d4 d5 3. Nc3 Bb4 4. e5 c5 5. a3 Bxc3+ 6. bxc3 Ne7 7. Qg4 Qc7 8. Qxg7 Rg8 9. Qxh7 cxd4 10. Ne2 Nbc6 11. f4 dxc3 12. Qd3 d4 13. Nxd4 Nxd4 14. Qxd4 Bd7 15. Be3 Nf5 16. Qd3 Nxe3 17. Qxe3 O-O-O 18. Rd1 Bc6 19. Rxd8+ Qxd8 20. Qxc3 Kb8 21. Rg1 Qh4+ 22. g3 Qxh2 23. Qc5 Rd8 24. Bd3 Kc7 25. Qf2 Qxf2+ 26. Kxf2 Kb6 27. g4 Rd4 28. Ke3 Ra4 29. g5 Rxa3 30. g6 fxg6 31. Rxg6 Bd5 32. f5 Kc5 33. f6 Ra1 34. f7 Re1+ 35. Kd2 Rxe5 36. f8=Q+ 1-0


[Site "https://www.chess.com"]

[Event "Titled Tuesday Blitz May 10 Early 2022"]
[White "Rohith Krishna S"]
[Black "Ianov, Viktor"]
[WhiteFideId "46617051"]
[BlackFideId "14102730"]
[WhiteElo "2117"]
[BlackElo "2152"]
[Result "1-0"]
[Round "05"]
[TimeControl "180+1"]
[Date "2022.05.11"]
[WhiteClock "0:00:24"]
[BlackClock "0:00:19"]

1. e4 d6 2. d4 Nf6 3. Nc3 c6 4. f4 Qb6 5. Nf3 Bg4 6. Be2 Bxf3 7. Bxf3 e5 8. fxe5 dxe5 9. d5 Nbd7 10. Qe2 Be7 11. a3 O-O 12. Be3 Bc5 13. Bxc5 Qxc5 14. O-O-O Rad8 15. Rd3 Nb6 16. Rhd1 cxd5 17. exd5 Nc4 18. Na4 Qa5 19. Rb3 b5 20. Nc5 Qb6 21. Na4 Qa5 22. Nc3 a6 23. g4 h6 24. h4 Qb6 25. g5 hxg5 26. hxg5 Nh7 27. Ne4 Qg6 28. Bh5 Qf5 29. Rf1 Qd7 30. Rd3 g6 31. Bg4 Qe7 32. Nf6+ Kg7 33. Qh2 Nxg5 34. Qh4 Rd6 35. Nh7 f6 36. Nxf8 Qxf8 37. Rh1 Kf7 38. Be6+ Nxe6 39. dxe6+ Kxe6 40. Qg4+ f5 41. Qxg6+ Qf6 42. Qe8+ Qe7 43. Rh6# 1-0


[Site "https://www.chess.com"]

[Event "Titled Tuesday Blitz May 10 Early 2022"]
[White "Sadhwani, Raunak"]
[Black "Nagy, Gabor"]
[WhiteFideId "35093487"]
[BlackFideId "737119"]
[WhiteElo "2616"]
[BlackElo "2569"]
[Result "0-1"]
[Round "05"]
[TimeControl "180+1"]
[Date "2022.05.10"]
[WhiteClock "0:00:07"]
[BlackClock "0:00:49"]

1. e4 c5 2. Nf3 e6 3. b3 a6 4. Bb2 b5 5. d4 cxd4 6. Nxd4 Bb7 7. Nd2 Nf6 8. Bd3 Qc7 9. O-O Nc6 10. Nxc6 Bxc6 11. c4 b4 12. f4 Bc5+ 13. Kh1 h5 14. Qe2 h4 15. Bxf6 gxf6 16. h3 Ke7 17. Rf3 Rag8 18. Nf1 Kd8 19. Qb2 Rh6 20. Re1 a5 21. f5 Qe5 22. Qxe5 fxe5 23. Ne3 Bxe3 24. Rexe3 Ke7 25. Re2 f6 26. Kg1 Rh5 27. Ref2 exf5 28. Rxf5 Rxf5 29. Rxf5 Rg3 30. Bc2 Rc3 31. Rf2 Re3 32. Rd2 Re1+ 33. Kf2 Rc1 34. g3 hxg3+ 35. Kxg3 Rg1+ 36. Kf2 Rh1 37. Kg2 Rc1 38. Kg3 Kf7 39. Bd1 Bxe4 40. Rxd7+ Ke6 41. Rd2 f5 42. h4 Rc3+ 43. Kh2 f4 44. h5 Bf5 45. Kg1 e4 46. h6 Rg3+ 47. Rg2 Rxg2+ 48. Kxg2 Kf6 49. c5 Kg6 50. c6 Kxh6 51. Kf2 Kg5 52. Be2 Bc8 53. Bf1 Kf6 0-1


[Site "https://www.chess.com"]

[Event "Titled Tuesday Blitz May 10 Early 2022"]
[White "Sahil, Tickoo"]
[Black "Jarovinsky, Alexey"]
[WhiteFideId "5019710"]
[BlackFideId "14115131"]
[WhiteElo "2099"]
[BlackElo "2446"]
[Result "0-1"]
[Round "05"]
[TimeControl "180+1"]
[Date "2022.05.11"]
[WhiteClock "0:00:11"]
[BlackClock "0:00:08"]

1. d4 Nc6 2. Nf3 d6 3. Nc3 Nf6 4. e4 Bg4 5. Be2 e5 6. dxe5 dxe5 7. Qxd8+ Rxd8 8. Bg5 Bb4 9. Bxf6 gxf6 10. Rd1 Rxd1+ 11. Kxd1 Bxc3 12. bxc3 Ke7 13. Kc1 Nb8 14. h3 Bxf3 15. Bxf3 Nd7 16. Be2 Nc5 17. f3 Rd8 18. Rd1 Rg8 19. g4 Ne6 20. Bf1 h5 21. Kd2 Rd8+ 22. Ke1 Rxd1+ 23. Kxd1 h4 24. Ke2 Kd6 25. Ke3 Kc5 26. Kd3 b5 27. Kd2 Nf4 28. Kc1 a5 29. a3 c6 30. Kd2 Ne6 31. Kc1 Nf8 32. Kd2 Nd7 33. Ke3 Nb6 34. f4 Nc4+ 35. Bxc4 Kxc4 36. fxe5 fxe5 37. g5 Kxc3 38. Kf3 b4 39. axb4 a4 40. b5 cxb5 41. Kg4 a3 42. Kxh4 a2 43. g6 fxg6 44. Kg5 a1=Q 45. Kxg6 Qh1 46. Kf5 Qxh3+ 47. Kxe5 Kxc2 48. Kd5 b4 49. e5 Qd7+ 50. Ke4 Qe6 51. Kf4 Kd3 52. Kf3 Qxe5 53. Kf2 Qf6+ 54. Kg3 Ke4 55. Kg4 Qg7+ 56. Kh3 Kf3 57. Kh2 Qg2# 0-1


[Site "https://www.chess.com"]

[Event "Titled Tuesday Blitz May 10 Early 2022"]
[White "Sailer, Mike"]
[Black "Dorokhin, Mykhailo"]
[WhiteFideId "2012901"]
[BlackFideId "14114178"]
[WhiteElo "2109"]
[BlackElo "2280"]
[Result "0-1"]
[Round "05"]
[TimeControl "180+1"]
[Date "2022.05.11"]
[WhiteClock "0:00:02"]
[BlackClock "0:01:52"]

1. Nf3 d5 2. d4 Nf6 3. Bf4 Bf5 4. e3 e6 5. Be2 Bd6 6. Bg3 Bxg3 7. hxg3 c5 8. Nc3 cxd4 9. Nxd4 Bg6 10. Bd3 Bxd3 11. Qxd3 Qb6 12. Qb5+ Qxb5 13. Ndxb5 Na6 14. O-O-O Ke7 15. f3 h6 16. g4 Rhc8 17. Rhe1 Nc7 18. Nd4 a6 19. e4 dxe4 20. Nxe4 Nxe4 21. Rxe4 Nd5 22. Nf5+ Kf6 23. Ng3 g6 24. Kb1 b5 25. a3 Rd8 26. Red4 Rac8 27. Ne4+ Ke7 28. R1d2 f5 29. gxf5 gxf5 30. Ng3 Kf6 31. Nh5+ Kg5 32. Ng7 Kf6 33. Nh5+ Kf7 34. Nf4 Rc5 35. Nxd5 Rcxd5 36. Rxd5 exd5 37. Re2 Kf6 38. Kc1 h5 39. Kd2 h4 40. Kd3 d4 41. Re1 a5 42. Re2 a4 43. Re1 Kg5 44. Re5 Kf4 45. Rxb5 Rf8 46. Kxd4 Kg3 47. Rb7 Kxg2 48. Rg7+ Kxf3 49. c4 Rh8 50. c5 h3 51. c6 h2 0-1


[Site "https://www.chess.com"]

[Event "Titled Tuesday Blitz May 10 Early 2022"]
[White "Samant Aditya S"]
[Black "Batsiashvili, Nino"]
[WhiteFideId "35080580"]
[BlackFideId "13602993"]
[WhiteElo "1916"]
[BlackElo "2193"]
[Result "1-0"]
[Round "05"]
[TimeControl "180+1"]
[Date "2022.05.11"]
[WhiteClock "0:00:05"]
[BlackClock "0:00:29"]

1. e4 c6 2. d4 d5 3. Nc3 dxe4 4. Nxe4 Nf6 5. Nxf6+ exf6 6. c3 Bd6 7. Bd3 O-O 8. Qc2 Re8+ 9. Ne2 h5 10. O-O h4 11. Bf4 Bg4 12. f3 Be6 13. Rfe1 g5 14. Bxd6 Qxd6 15. Rad1 Nd7 16. c4 Kg7 17. Be4 Nf8 18. d5 cxd5 19. cxd5 Bd7 20. Nd4 Rac8 21. Qf2 Ng6 22. g3 hxg3 23. hxg3 Re7 24. Kg2 Rce8 25. Bxg6 fxg6 26. Ne6+ Bxe6 27. dxe6 Qa6 28. Rd7 Qxa2 29. Qd4 Qa5 30. Re2 Qb5 31. Kf2 a5 32. Qd6 Kf8 33. Rxe7 Rxe7 34. Qd8+ Qe8 35. Qd6 Qc8 36. Kg2 Qc7 37. Qd4 Kg8 38. Qxf6 g4 39. Qxg6+ Rg7 40. Qe8+ Kh7 41. Qh5+ Kg8 42. Qe8+ Kh7 43. f4 Qc4 44. Qh5+ Kg8 45. Qe8+ Kh7 46. Qh5+ Kg8 47. Qe5 Re7 48. Qg5+ Rg7 49. Qe5 Re7 50. f5 Qd3 51. Qe4 Qxe4+ 52. Rxe4 Kg7 53. Rxg4+ Kf6 54. Rf4 b5 55. g4 a4 56. Kf3 Rb7 57. Rb4 Kg5 58. Re4 Kf6 59. Kf4 b4 60. g5+ Kg7 61. f6+ Kg6 62. e7 1-0


[Site "https://www.chess.com"]

[Event "Titled Tuesday Blitz May 10 Early 2022"]
[White "Sapunov, Evgeny"]
[Black "Bortnyk, Olexandr"]
[WhiteFideId "4126661"]
[BlackFideId "14120828"]
[WhiteElo "2470"]
[BlackElo "2723"]
[Result "0-1"]
[Round "05"]
[TimeControl "180+1"]
[Date "2022.05.10"]
[WhiteClock "0:00:05"]
[BlackClock "0:00:12"]

1. c4 d6 2. Nf3 e5 3. Nc3 f5 4. g3 Nf6 5. Bg2 g6 6. d3 Bg7 7. O-O Nc6 8. Rb1 O-O 9. b4 h6 10. b5 Ne7 11. a4 Kh7 12. Ba3 Be6 13. Nd2 Rb8 14. Qb3 g5 15. Nd5 Ng6 16. e3 h5 17. f4 Ng4 18. fxe5 Bxd5 19. cxd5 Nxe3 20. e6 Nxf1 21. Rxf1 Bd4+ 22. Kh1 g4 23. Bb2 Bxb2 24. Qxb2 h4 25. Kg1 Qg5 26. Nc4 h3 27. Bh1 Kh6 28. Qd2 f4 29. gxf4 Rxf4 30. Rxf4 Nxf4 31. Be4 g3 32. hxg3 Qxg3+ 33. Kh1 Rg8 34. Qe3 Qxe3 35. Nxe3 Kg5 36. Kh2 Kf6 37. Nc4 Rg5 38. Na5 Nxd5 39. Nxb7 Nf4 40. Nd8 d5 41. Bf3 Nxd3 42. Nc6 Kxe6 43. a5 Ne5 44. Nxe5 Kxe5 0-1


[Site "https://www.chess.com"]

[Event "Titled Tuesday Blitz May 10 Early 2022"]
[White "Sarana, Alexey"]
[Black "Gharibyan, Mamikon"]
[WhiteFideId "24133795"]
[BlackFideId "13308300"]
[WhiteElo "2666"]
[BlackElo "2254"]
[Result "0-1"]
[Round "05"]
[TimeControl "180+1"]
[Date "2022.05.10"]
[WhiteClock "0:00:10"]
[BlackClock "0:00:04"]

1. d4 Nf6 2. c4 e6 3. Nc3 d5 4. e3 a6 5. Nf3 dxc4 6. a4 c5 7. Bxc4 Nc6 8. O-O Be7 9. dxc5 Qc7 10. e4 O-O 11. Qe2 Ng4 12. g3 Bxc5 13. Bf4 e5 14. Nd5 Qd6 15. Be3 Nxe3 16. fxe3 Bg4 17. Rad1 Qh6 18. Rd3 Kh8 19. Qf2 f5 20. exf5 e4 21. b4 Rxf5 22. Nf4 Nxb4 23. Ne5 Nxd3 24. Nxg4 Qg5 25. Bxd3 exd3 26. Qf3 d2 27. Nf2 Qe7 28. e4 Rff8 29. Qh5 Kg8 30. Qd5+ Rf7 31. Qxd2 Qxe4 32. Rc1 Qe3 33. Qc2 Qxf2+ 34. Qxf2 Bxf2+ 35. Kxf2 g5 36. Kf3 gxf4 37. gxf4 Raf8 38. Rc4 b5 39. axb5 axb5 40. Rb4 Rf5 41. Kg4 Kg7 42. h4 h5+ 43. Kf3 Kg6 44. Rd4 Rc5 45. Rd6+ Rf6 46. Rd8 Rc4 47. Rg8+ Kf7 48. Rg5 Rfxf4+ 49. Ke3 b4 50. Rxh5 Rxh4 51. Rb5 Rh3+ 52. Kd2 Rg4 53. Rf5+ Kg6 54. Rf2 b3 55. Kc1 Rhg3 56. Rf8 Rc4+ 57. Kb2 Rc2+ 58. Ka3 Ra2+ 59. Kb4 b2 60. Rg8+ Kf5 61. Rxg3 b1=Q+ 62. Rb3 Qe1+ 63. Kb5 Ra5+ 64. Kb6 Re5 65. Ka6 Qd1 66. Rb6 Re6 0-1


[Site "https://www.chess.com"]

[Event "Titled Tuesday Blitz May 10 Early 2022"]
[White "Schut, Han"]
[Black "Markelova, Lubov"]
[WhiteFideId "1005561"]
[BlackFideId "24131369"]
[WhiteElo "2057"]
[BlackElo "1863"]
[Result "0-1"]
[Round "05"]
[TimeControl "180+1"]
[Date "2022.05.11"]
[WhiteClock "0:00:05"]
[BlackClock "0:00:07"]

1. e4 e6 2. d4 d5 3. e5 c5 4. c3 Qb6 5. Nf3 Nc6 6. Bd3 cxd4 7. O-O Bd7 8. Re1 Nge7 9. h4 dxc3 10. Nxc3 Nb4 11. Be3 Qa5 12. Bb1 Nec6 13. a3 Na6 14. Bd3 Qd8 15. b4 Nc7 16. Rc1 Be7 17. h5 h6 18. Bb1 a6 19. Bb6 Qb8 20. Nd4 Nxd4 21. Qxd4 Nb5 22. Nxb5 Bxb5 23. Rc7 Bd8 24. Rec1 Bxc7 25. Bxc7 Qa7 26. Qg4 O-O 27. Rc3 f5 28. Qg6 Bd7 29. Rg3 Rf7 30. Qxh6 Rc8 31. Bxf5 exf5 32. e6 Bxe6 33. Qxe6 Rxc7 34. h6 Qd4 35. Rxg7+ Kf8 36. Qd6+ Rfe7 37. Qd8+ Re8 38. Rg8+ Kxg8 39. Qxe8+ Kh7 40. Qe6 Rc1+ 41. Kh2 Qh4# 0-1


[Site "https://www.chess.com"]

[Event "Titled Tuesday Blitz May 10 Early 2022"]
[White "Seo, Jung Min"]
[Black "Msellek, Ilyass"]
[WhiteFideId "1734687"]
[BlackFideId "675938"]
[WhiteElo "2401"]
[BlackElo "2221"]
[Result "1-0"]
[Round "05"]
[TimeControl "180+1"]
[Date "2022.05.11"]
[WhiteClock "0:00:31"]
[BlackClock "0:00:01"]

1. e4 e6 2. d4 d5 3. Nc3 Bb4 4. e5 b6 5. a3 Bf8 6. Bb5+ c6 7. Ba4 a5 8. Nge2 Ba6 9. O-O Bc4 10. Re1 b5 11. Bb3 Bxb3 12. cxb3 Ne7 13. Nf4 Nf5 14. Qd3 Nd7 15. Be3 Be7 16. Rec1 Qb6 17. Rc2 O-O 18. Rac1 Rfc8 19. Nh5 g6 20. Ng3 Nh4 21. Qd2 Qd8 22. Nce2 c5 23. dxc5 Nxe5 24. Nd4 b4 25. Bf4 Bf6 26. axb4 axb4 27. c6 Qb6 28. Be3 Qa6 29. Bg5 Bxg5 30. Qxg5 Nd3 31. Rd1 e5 32. Qxh4 exd4 33. Qxd4 Re8 34. Qxd3 Qxd3 35. Rxd3 Re1+ 36. Nf1 Raa1 37. g3 Rxf1+ 38. Kg2 Rfc1 39. Rdd2 Rxc2 40. Rxc2 Ra8 41. c7 Rc8 42. Kf3 Kf8 43. Ke3 Ke7 44. Kd4 Kd6 45. Rc5 Ke6 46. Rc6+ Kd7 47. Kxd5 h5 48. Rc4 g5 49. h3 f6 50. Rc1 Ke7 51. Kc6 1-0


[Site "https://www.chess.com"]